 Dungeon Crawl Stone Soup version 0.21-a0-417-g0adc95b (webtiles) character file.

48724 drevant the Spear-Bearer (level 14, -2/116 HPs)
             Began as a Demonspawn Abyssal Knight on Nov 3, 2017.
             Was the Champion of Lugonu.
             Slain by a komodo dragon (3 damage)
             ... on level 6 of the Lair of Beasts.
             The game lasted 00:48:54 (20426 turns).

drevant the Spear-Bearer (DsAK)                    Turns: 20426, Time: 00:48:54

Health: -2/116     AC: 26    Str: 21    XL:     14   Next: 13%
Magic:  0/5        EV:  5    Int: 19    God:    Lugonu [******]
Gold:   348        SH: 11    Dex: 13    Spells: 13/13 levels left

rFire    + + +     SeeInvis .   R - +10 trident of Valour {antimagic, *Rage rF+ MR+ Str+4}
rCold    + . .     Gourm    .   r - +0 shield
rNeg     . . .     Faith    .   C - +1 plate armour {rPois}
rPois    +         Spirit   +   (no helmet)
rElec    +         Reflect  .   P - +0 cloak
rCorr    .         Harm     .   d - +2 pair of gloves of the Eternal Fruit {rElec rC+}
MR       ++...     Rnd*Rage +   I - +2 pair of boots {Fly}
Stlth    ..........             O - amulet of guardian spirit
HPRegen  0.29/turn              V - ring of protection from fire
MPRegen  0.09/turn              a - ring of protection from fire

@: brilliant, lethally poisoned (-2 -> -12), about to teleport, berserk
cooldown, flying, slowed, very slow
A: talons 1, slimy green scales 2, powered by pain 3, rot immunity
a: Depart the Abyss, Bend Space, Banish, Corrupt, Enter the Abyss, Brand Weapon
With Distortion, Renounce Religion, Stop Flying


You were on level 6 of the Lair of Beasts.
You worshipped Lugonu.
Lugonu was exalted by your worship.
You were hungry.

You visited 2 branches of the dungeon, and saw 17 of its levels.
You visited the Abyss 1 time.
You also visited: Labyrinth, Sewer, Bailey and Volcano.

You collected 972 gold pieces.
You spent 624 gold pieces at shops.

Inventory:

Hand Weapons
 w - a +1 lajatang of electrocution
 R - the +10 trident of Valour (weapon) {antimagic, *Rage rF+ MR+ Str+4}
   (You found it on level 8 of the Dungeon)

   It reduces the magical energy of the wielder, and disrupts the spells and
   magical abilities of those hit.
   Natural abilities and divine invocations are not affected.
   It affects your strength (+4).
   It protects you from fire.
   It affects your resistance to hostile enchantments.
   It may make you go berserk in combat.
Missiles
 L - a throwing net
 X - 8 javelins (quivered)
Armour
 d - the +2 pair of gloves of the Eternal Fruit (worn) {rElec rC+}
   (You bought it in a shop on level 4 of the Dungeon)

   It protects you from cold.
   It insulates you from electricity.
 r - a +0 shield (worn)
 C - a +1 plate armour of poison resistance (worn)
 F - a +2 plate armour of fire resistance
 I - a +2 pair of boots of flying (worn)
 P - a +0 cloak (worn)
 Z - +1 shadow dragon scales
Jewellery
 a - a ring of protection from fire (right hand)
 i - an uncursed amulet of harm
 j - an uncursed ring of flight {unknown}
 o - the ring "Cuuty" {Str+2 Stlth+}
   (You took it off a minotaur in a labyrinth)

   [ring of stealth]

   It affects your strength (+2).
   It makes you more stealthy.
 G - an uncursed amulet of rage {unknown}
 O - an amulet of guardian spirit (around neck)
 Q - an uncursed ring of resist corrosion
 V - a ring of protection from fire (left hand)
Wands
 b - a wand of confusion (33/48)
 l - a wand of digging (19/24)
 N - a wand of flame (13/48)
 T - a wand of polymorph (18/24)
 Y - a wand of clouds (4/9)
Scrolls
 e - 4 scrolls of enchant weapon {unknown}
 s - a scroll of enchant armour
 x - 8 scrolls of remove curse
 y - 2 scrolls of teleportation
 z - a scroll of fog
 A - 3 scrolls of recharging {unknown}
 H - 5 scrolls of amnesia {unknown}
 J - 2 scrolls of immolation {unknown}
 K - 3 scrolls of vulnerability {unknown}
Potions
 g - 3 potions of resistance
 h - 3 potions of agility
 k - 5 potions of curing
 m - 2 potions of cancellation
 q - a potion of mutation
 t - a potion of berserk rage {unknown}
 v - 2 potions of lignification
 B - 5 potions of brilliance
 E - a potion of degeneration {unknown}
 M - 3 potions of magic {unknown}
 S - 2 potions of might {unknown}
Comestibles
 c - 8 bread rations
 n - 10 royal jellies
 u - 26 fruits
 D - a meat ration


   Skills:
 + Level 12.6 Fighting
 - Level 13.7(14.5) Polearms
 * Level 8.3(12.0) Staves
 - Level 8.9 Armour
 - Level 1.0 Dodging
 + Level 7.6 Shields
 - Level 2.5 Invocations


You had 13 spell levels left.
You didn't know any spells.

Dungeon Overview and Level Annotations

Branches:
Dungeon (11/15)            Temple (0/1) D:4            Lair (6/6) D:11
  Swamp (0/4) Lair:3       Spider (0/4) Lair:4        Slime (0/5) Lair:6
    Orc (0/2) D:9

Altars:
Cheibriados
Dithmenos
Elyvilon
Gozag
Hepliaklqana
Kikubaaqudgha
Makhleb
Okawaru
Ru
Uskayaw
Vehumet
Wu Jian
Yredelemnul
The Shining One

Shops:
D:4 [   D:5 :   D:11 *


Innate Abilities, Weirdness & Mutations

You have sharp toenails.
You are mostly covered in slimy green scales. (AC +3)
You are powered by pain.
You are immune to rotting.


Message History

* * * LOW HITPOINT WARNING * * *
The catoblepas gores you but does no damage.
You block the rime drake's attack. The water moccasin closely misses you.
The spiny frog stings you!
* * * LOW HITPOINT WARNING * * *
You focus on the pain.
You feel your power returning.
You are lethally poisoned!
The spiny frog poisons you!
Okay, then.
It was a potion of brilliance.
You feel clever all of a sudden.
* * * LOW HITPOINT WARNING * * *
You feel very sick.
The water moccasin bites you but does no damage.
You block the rime drake's attack. You block the soldier ant's attack.
The catoblepas gores you.
* * * LOW HITPOINT WARNING * * *
You block the crocodile's attack. The spiny frog barely misses you.
The komodo dragon bites you.
You die...

,,,,,,*****........**,,,,**,,,*
,,,,,,** **.......**,*,,,**,,*
,,,,,,,**####.....#####*#*,*,,*
,,,,,,,,,........../..#.Y,,,,**
,≈,≈,≈≈≈,≈...............,,,,*
,≈≈**≈≈,*............Y...,,,,*
,≈≈*,≈≈,*.......H........,,,,*
≈≈≈≈≈≈≈≈≈......kFY.......,,,,**
≈≈≈≈≈≈≈≈≈≈.....t@S.......,,,,,*
******≈**......alF.##....,,,,**
8*,≈≈*≈**≈.........#*,...**,,,*
≈*≈≈≈≈≈≈≈.........#.#,,,#***,**
≈*≈≈≈*≈≈≈≈.........##,,,,* *,,*
≈*≈≈≈,≈**...........,,,,,* *,,*
≈≈≈≈≈,≈*,...........,,,,,***,**
≈≈≈8≈≈≈≈≈............****,,,,,*
≈≈≈8≈≈≈≈≈≈,,,,,,,,,*******,,,**


You could see a catoblepas, a komodo dragon, a hippogriff, a yak, 2 spiny frogs,
a rime drake, a soldier ant, a water moccasin and a crocodile.

Vanquished Creatures
  Gastronok (Lair:2)
  Kirke (Lair:5)
  An entropy weaver (Lair:6)
  A dire elephant (Lair:5)
  A minotaur (Lab)
  An ogre mage (Volcano)
  9 hydras
  3 two-headed ogres (Volcano)
  A death yak (Lair:6)
  A hell knight (Volcano)
  2 unseen horrors
  A deep elf mage (D:11)
  9 elephants
  A centaur zombie (D:10)
  A gargoyle (D:8)
  4 black mambas
  A rime drake (Lair:6)
  6 komodo dragons
  8 spiny frogs
  The ghost of Soeti the Insei, a novice OpTm (D:5)
  A kobold demonologist (D:10)
  A troll (D:10)
  A merfolk (D:11)
  A polar bear (Lair:5)
  8 dream sheep
  4 hippogriffs
  7 blink frogs (Lair:5)
  16 yaks
  3 wyverns
  A human (D:11)
  7 fire bats (Volcano)
  3 hogs (Lair:5)
  A basilisk (Lair:2)
  5 soldier ants (Lair:6)
  2 acid dragons (D:11)
  13 porcupines
  13 water moccasins
  11 orc warriors
  Purgy (D:4)
  4 sky beasts
  A black bear (D:11)
  2 ice beasts
  3 phantoms
  2 necrophages
  19 wolves
  10 centaurs
  9 crocodiles
  9 ogres
  7 big kobolds
  15 bullfrogs
  A gnoll sergeant (D:6)
  A water moccasin skeleton (D:8)
  6 killer bees (D:5)
  2 howler monkeys (D:7)
  3 electric eels
  4 crimson imps
  9 lava snakes (Volcano)
  A quasit (D:11)
  5 jellies
  2 bullfrog zombies
  14 orc wizards
  8 orc priests
  2 bullfrog skeletons
  5 hounds
  A centaur skeleton (D:5)
  Jessica (D:2)
  3 iguanas
  Terence (D:2)
  Ijyb (D:4)
  6 worker ants
  A hound skeleton (D:4)
  A worker ant zombie (D:5)
  2 river rats
  16 adders
  4 gnolls (D:6)
  3 shadow imps
  2 oozes (Sewer)
  An adder zombie (D:5)
  2 adder skeletons
  9 worms
  4 dart slugs
  5 leopard geckos
  49 orcs
  A bat zombie (D:4)
  6 giant cockroaches
  8 goblins
  7 hobgoblins
  3 jackals (D:1)
  34 kobolds
  7 quokkas
  3 ball pythons
  10 bats
  4 frilled lizards
  A jackal zombie (D:4)
  A leopard gecko simulacrum (D:8)
  A quokka skeleton (D:4)
  A quokka zombie (D:8)
  13 rats
  A rat zombie (D:4)
510 creatures vanquished.

Vanquished Creatures (others)
  A kobold (D:11)
  7 fungi
  3 plants (Lair:6)
11 creatures vanquished.

Grand Total: 521 creatures vanquished

Notes
Turn   | Place    | Note
-------+----------+-------------------------------------------
     0 | Abyss:1  | drevant the Demonspawn Abyssal Knight began the quest for the Orb.
     0 | Abyss:1  | Reached XP level 1. HP: 18/18 MP: 2/2
    23 | Abyss:1  | Found a corrupted altar of Lugonu.
    28 | Abyss:1  | Noticed a quasit
    33 | D:1      | Escaped the Abyss
    73 | D:1      | Reached * piety under Lugonu
    73 | D:1      | Reached skill level 1 in Dodging
    93 | D:1      | Reached skill level 2 in Polearms
    96 | D:1      | Gained mutation: You are immune to rotting. [demonic ancestry]
    96 | D:1      | Reached XP level 2. HP: 17/24 MP: 3/3
   778 | D:1      | Reached XP level 3. HP: 22/29 MP: 4/4
  1354 | D:2      | Reached XP level 4. HP: 35/35 MP: 5/5
  1357 | D:2      | Reached ** piety under Lugonu
  1357 | D:2      | Reached skill level 3 in Polearms
  1600 | D:2      | Found a glowing golden altar of the Shining One.
  1617 | D:2      | Noticed Jessica
  1628 | D:2      | Killed Jessica
  1651 | D:2      | Noticed Terence
  1720 | D:2      | Killed Terence
  1720 | D:2      | Reached XP level 5. HP: 28/42 MP: 6/6
  2393 | D:3      | Reached *** piety under Lugonu
  2631 | D:4      | Found Qotoefuys's Armour Boutique.
  2646 | D:4      | Found a hazy altar of Hepliaklqana.
  2647 | D:4      | Found a shadowy altar of Dithmenos.
  2649 | D:4      | Found a sacrificial altar of Ru.
  2649 | D:4      | Found a white marble altar of Elyvilon.
  2652 | D:4      | Found an opulent altar of Gozag.
  2653 | D:4      | Found a basalt altar of Yredelemnul.
  2690 | D:4      | Reached skill level 4 in Polearms
  2710 | D:4      | Found a glowing drain.
  2734 | Sewer    | Entered a sewer
  2800 | Sewer    | Gained mutation: You sometimes gain a little power by taking damage. [demonic ancestry]
  2800 | Sewer    | Reached XP level 6. HP: 43/48 MP: 7/7
  3139 | D:4      | Reached skill level 5 in Polearms
  3171 | D:4      | Noticed Ijyb
  3189 | D:4      | Killed Ijyb
  3189 | D:4      | Reached XP level 7. HP: 54/55 MP: 8/8
  3285 | D:4      | Reached **** piety under Lugonu
  3336 | D:4      | Found an ancient bone altar of Kikubaaqudgha.
  3445 | D:4      | Noticed Purgy
  3456 | D:4      | Killed Purgy
  3456 | D:4      | Reached skill level 5 in Fighting
  3758 | D:4      | Found a staircase to the Ecumenical Temple.
  3872 | D:5      | Entered Level 5 of the Dungeon
  3900 | D:5      | Noticed Soeti's ghost (novice OpTm)
  3917 | D:5      | Killed Soeti's ghost
  3917 | D:5      | Reached skill level 6 in Polearms
  3917 | D:5      | Gained mutation: You have sharp toenails. [demonic ancestry]
  3917 | D:5      | Reached XP level 8. HP: 48/63 MP: 9/9
  4045 | D:5      | Found a hide-covered altar of Uskayaw.
  4053 | D:5      | Noticed a hand axe
  4055 | D:5      | Noticed a dagger
  4380 | D:5      | Reached skill level 5 in Armour
  4551 | D:5      | Reached skill level 7 in Polearms
  4573 | D:5      | Found an ornate altar of the Wu Jian Council.
  4656 | D:5      | Found Wuizog's Book Emporium.
  5252 | D:6      | Reached ***** piety under Lugonu
  5428 | D:6      | Reached XP level 9. HP: 63/71 MP: 10/10
  5718 | D:6      | Reached skill level 8 in Polearms
  6089 | D:6      | You are sucked into a shaft for 3 floors!
  6241 | D:9      | Found a snail-covered altar of Cheibriados.
  6487 | D:8      | Found a flagged portal.
  6534 | D:8      | Reached skill level 9 in Polearms
  6554 | Bailey   | Entered a bailey
  6554 | Bailey   | Noticed p0werm0de's ghost (novice GrCK)
  6677 | D:7      | Found a snail-covered altar of Cheibriados.
  7221 | D:7      | Gained mutation: You are partially covered in slimy green scales. (AC +2) [demonic ancestry]
  7221 | D:7      | Reached XP level 10. HP: 56/80 MP: 11/11
  7536 | D:8      | Found an iron altar of Okawaru.
  7622 | D:8      | Found a radiant altar of Vehumet.
  7962 | D:8      | Noticed a gargoyle
  8256 | D:8      | Killed a gargoyle
  8256 | D:8      | Reached skill level 10 in Polearms
  8546 | D:8      | Got an ebony trident
  8547 | D:8      | Identified the +10 trident of Valour {antimagic, *Rage rF+ MR+ Str+4} (You found it on level 8 of the Dungeon)
  8785 | D:8      | Killed an unseen horror
  9438 | D:9      | Reached ****** piety under Lugonu
  9508 | D:9      | Found a staircase to the Orcish Mines.
  9810 | D:10     | Entered Level 10 of the Dungeon
  9903 | D:10     | Reached skill level 11 in Polearms
 10111 | D:10     | Gained mutation: You are mostly covered in slimy green scales. (AC +3) [demonic ancestry]
 10111 | D:10     | Reached XP level 11. HP: 86/89 MP: 4/12
 10703 | D:11     | Noticed a deep elf mage
 10717 | D:11     | Killed a deep elf mage
 10953 | D:11     | Noticed an eight-headed hydra
 10969 | D:11     | Killed an eight-headed hydra
 11040 | D:11     | Killed an unseen horror
 11787 | D:11     | Found Qutod's General Store.
 11790 | D:11     | Bought a scroll of enchant armour for 127 gold pieces
 11826 | D:11     | Found a staircase to the Lair.
 11830 | D:11     | Reached skill level 12 in Polearms
 12125 | Lair:1   | Entered Level 1 of the Lair of Beasts
 12777 | Lair:1   | Reached skill level 10 in Fighting
 13186 | Lair:2   | Reached skill level 1 in Shields
 13852 | Lair:2   | Noticed Gastronok
 13870 | Lair:2   | Killed Gastronok
 13870 | Lair:2   | Gained mutation: You sometimes gain power by taking damage. [demonic ancestry]
 13870 | Lair:2   | Reached XP level 12. HP: 98/98 MP: 4/13
 14061 | Lair:2   | Found a burning altar of Makhleb.
 14431 | Lair:3   | Found a labyrinth entrance.
 14450 | Lab      | Entered a labyrinth
 14796 | Lab      | Noticed a minotaur
 14806 | Lab      | Killed a minotaur
 14806 | Lab      | Reached skill level 13 in Polearms
 14808 | Lab      | Got a clouded bone ring
 14865 | Lair:3   | Found a dark tunnel.
 14866 | Lair:3   | Found a burning altar of Makhleb.
 14875 | Volcano  | Entered a volcano
 15201 | Volcano  | Noticed a two-headed ogre
 15204 | Volcano  | Noticed a two-headed ogre
 15204 | Volcano  | Noticed a two-headed ogre
 15217 | Volcano  | Killed a two-headed ogre
 15227 | Volcano  | Killed a two-headed ogre
 15234 | Volcano  | Killed a two-headed ogre
 15301 | Volcano  | Noticed an ogre mage
 15312 | Volcano  | Killed an ogre mage
 15372 | Volcano  | Found a burning altar of Makhleb.
 15717 | D:4      | Bought the +2 pair of gloves of the Eternal Fruit {rElec rC+} for 497 gold pieces
 15987 | Lair:3   | Found a staircase to the Swamp.
 16229 | Lair:3   | Identified the ring "Cuuty" {Str+2 Stlth+} (You took it off a minotaur in a labyrinth)
 16376 | Lair:4   | Reached skill level 1 in Staves
 16405 | Lair:4   | Noticed an eight-headed hydra
 16411 | Lair:4   | Noticed a seven-headed hydra
 16419 | Lair:4   | Killed an eight-headed hydra
 16419 | Lair:4   | Reached skill level 5 in Shields
 16804 | Lair:4   | Noticed a seven-headed hydra
 16859 | Lair:4   | Killed a seven-headed hydra
 16859 | Lair:4   | Gained mutation: You are powered by pain. [demonic ancestry]
 16859 | Lair:4   | Reached XP level 13. HP: 33/106 MP: 1/14
 17547 | Lair:4   | Found a hole to the Spider Nest.
 17659 | Lair:4   | Reached skill level 5 in Staves
 18191 | Lair:6   | Entered Level 6 of the Lair of Beasts
 18680 | Lair:5   | Noticed Kirke
 18709 | Lair:5   | Noticed a sphinx
 19129 | Lair:5   | Killed Kirke
 20050 | Lair:6   | Reached XP level 14. HP: 116/116 MP: 5/15
 20368 | Lair:6   | Noticed an entropy weaver
 20380 | Lair:6   | Killed an entropy weaver
 20425 | Lair:6   | HP: 5/116 [spiny frog (13)]
 20426 | Lair:6   | HP: 1/116 [catoblepas (2)]
 20426 | Lair:6   | Slain by a komodo dragon

Vault maps used:
D:1:      lightli_arrival_statue_moat
D:2:      marbit_many_paths, first_bread, kennysheep_generic_room_7,
          uniq_jessica, uniq_terence
D:3:      st_stairs_2, minmay_goblin_kobold_house
D:4:      kennysheep_six_static_rooms, grunt_temple_overflow_open,
          lemuel_zombie_altar_kikubaaqudgha, temple_statues, serial_shops, shop,
          portal_sewer_entry_b, uniq_ijyb, uniq_purgy
D:5:      dancing_weapons_uskayaw, kennysheep_little_box, serial_shops,
          nicolae_shop_behind_doors
D:7:      slow_altar_1
D:8:      minmay_tri_box, lemuel_coloured_pillars_altar, kennysheep_mini,
          enter_bailey_2
D:9:      erik_orc_2, basic_altar
D:11:     grunt_lair_entry_orc_guard_hut, serial_shops,
          nicolae_shop_behind_doors, hangedman_stone_soup
Lair:1:   nicolae_lair_grove_arrangements
Lair:2:   lemuel_centaur_altar, lemuel_fruit_tree, grunt_megastairs_2,
          uniq_gastronok
Lair:3:   swamp_mist_pool, lab_entry_generic, basic_altar,
          nicolae_volcano_entry_hallway, serial_bayou_shore_b,
          infiniplex_staircase_pool
Lair:4:   spider_nest_entry_webs, grunt_megastairs_4
Lair:5:   grunt_megastairs_3, uniq_kirke
Lair:6:   gammafunk_lair_ancient_temple, slime_altar_2, st_stairs_9,
          minivault_29, uniq_nessos
Lab:      labyrinth_mini_lab
Sewer:    sewer_co_15_rooms
Bailey:   bailey_polearm_4, bailey
Volcano:  volcano_grotto

Skill      XL: |  1  2  3  4  5  6  7  8  9 10 11 12 13 14 |
---------------+-------------------------------------------+-----
Dodging        | 1 |  1.0
Polearms       | 2 3 4 5 6 7 9 11 12 13 | 13.7
Armour         | 2 3 4 5 6 8 |  8.9
Fighting       | 4 5 6 7 9 10 11 12 | 12.6
Shields        | 2 5 7 |  7.6
Staves         | 3 7 8 |  8.3
Invocations    | |  2.5

Action                   |  1- 3 |  4- 6 |  7- 9 | 10-12 | 13-15 || total
-------------------------+-------+-------+-------+-------+-------++-------
Melee: Spear             |   120 |   261 |   485 |       |       ||   866
       Halberd           |       |       |    84 |    72 |       ||   156
       Trident           |       |       |       |   681 |   448 ||  1129
       Unarmed           |       |       |       |       |     7 ||     7
Throw: Tomahawk          |       |     5 |     4 |     2 |       ||    11
       Javelin           |       |       |       |     2 |     5 ||     7
Invok: Depart the Abyss  |     1 |       |       |       |       ||     1
Evoke: Wand              |       |       |       |     5 |       ||     5
  Use: Scroll            |       |     6 |     2 |    13 |     9 ||    30
       Potion            |       |       |     7 |     1 |     4 ||    12
 Stab: Sleeping          |     1 |       |     8 |    11 |       ||    20
       Distracted        |       |       |     1 |     2 |       ||     3
       Invisible         |       |       |     7 |       |       ||     7
  Eat: Chunk             |     2 |     6 |    12 |    22 |     2 ||    44
       Meat ration       |       |       |       |     2 |     2 ||     4
Armor: Leather armour    |    25 |     1 |       |       |       ||    26
       Scale mail        |       |    84 |       |       |       ||    84
       Ring mail         |       |       |   174 |   189 |       ||   363
       Shadow dragon sca |       |       |       |    83 |       ||    83
       Plate armour      |       |       |       |   109 |   328 ||   437
Dodge: Dodged            |    74 |    90 |   206 |   160 |    96 ||   626
Block: Shield            |       |       |       |   107 |   236 ||   343

Table legend:
 A = Spawn XP
 B = Non-spawn XP
 C = Spawn XP percentage of total XP
 D = Spawn monster count
 E = Non-spawn monster count
 F = Spawn count percentage of total count
 G = Total turns spent on level
                    A         B        C        D         E        F      G
               +---------+---------+-------+---------+---------+-------+---------
         Total |       0 |   69606 |   0.0 |       0 |     510 |   0.0 | 20426
               +---------+---------+-------+---------+---------+-------+---------
           D:1 |       0 |      60 |   0.0 |       0 |      26 |   0.0 |  1196
           D:2 |       0 |     158 |   0.0 |       0 |      27 |   0.0 |   699
           D:3 |       0 |      80 |   0.0 |       0 |      28 |   0.0 |   698
           D:4 |       0 |     429 |   0.0 |       0 |      28 |   0.0 |   893
           D:5 |       0 |    1518 |   0.0 |       0 |      35 |   0.0 |  1320
           D:6 |       0 |     955 |   0.0 |       0 |      27 |   0.0 |  1185
           D:7 |       0 |    1335 |   0.0 |       0 |      24 |   0.0 |   900
           D:8 |       0 |    2428 |   0.0 |       0 |      24 |   0.0 |  1577
           D:9 |       0 |    2133 |   0.0 |       0 |      44 |   0.0 |  1141
          D:10 |       0 |    2248 |   0.0 |       0 |      24 |   0.0 |   762
          D:11 |       0 |    5601 |   0.0 |       0 |      38 |   0.0 |  1640
        Lair:1 |       0 |    1093 |   0.0 |       0 |       6 |   0.0 |   984
        Lair:2 |       0 |    6204 |   0.0 |       0 |      25 |   0.0 |  1353
        Lair:3 |       0 |    2269 |   0.0 |       0 |      12 |   0.0 |  1014
        Lair:4 |       0 |   12540 |   0.0 |       0 |      36 |   0.0 |  2048
        Lair:5 |       0 |   13293 |   0.0 |       0 |      38 |   0.0 |  1362
        Lair:6 |       0 |    9529 |   0.0 |       0 |      29 |   0.0 |   305
           Lab |       0 |    1071 |   0.0 |       0 |       1 |   0.0 |   399
         Sewer |       0 |     370 |   0.0 |       0 |      17 |   0.0 |   380
       Volcano |       0 |    6292 |   0.0 |       0 |      21 |   0.0 |   534
               +---------+---------+-------+---------+---------+-------+---------
